 Dungeon Crawl Stone Soup version 0.27-a0-978-g2aa4ecdaef (webtiles) character file.

Game seed: 15202331406005411802

1036 SamYaeger the Sneak (level 8, -5/57 HPs)
             Began as an Octopode Transmuter on Apr 14, 2021.
             Was an Initiate of Nemelex Xobeh.
             Slain by a water moccasin (7 damage)
             ... on level 6 of the Dungeon.
             The game lasted 00:35:39 (5941 turns).

SamYaeger the Sneak (Octopode Transmuter)           Turns: 5941, Time: 00:35:39

Health: -5/57      AC:  1    Str:  9    XL:     8   Next: 24%
Magic:  8/11       EV: 18    Int: 17    God:    Nemelex Xobeh [......]
Gold:   157        SH:  4    Dex: 13    Spells: 8/12 levels left

rFire    . . .     SeeInvis .   p - +3 dagger (flame)
rCold    . . .     Faith    .   e - +0 buckler
rNeg     . . .     Spirit   .   (helmet restricted)
rPois    .         Reflect  .   (no amulet)
rElec    .         Harm     .   g - +4 ring of evasion
rCorr    .         Rampage  .   (no ring)
Will     .....                  (no ring)
Stlth    ++++......             (no ring)
HPRegen  0.19/turn              (no ring)
MPRegen  0.12/turn              (no ring)
                                (no ring)
                                (no ring)

@: attractive, very slightly contaminated, hasted, very quick
A: almost no armour, amphibious, 8 rings, camouflage 1, gelatinous body 1,
(nimble swimmer 1), tentacles
a: Renounce Religion, Draw Escape, Draw Destruction, Draw Summoning


You were on level 6 of the Dungeon.
You worshipped Nemelex Xobeh.
Nemelex Xobeh was noncommittal.
You visited 2 branches of the dungeon, and saw 7 of its levels.

You collected 157 gold pieces.

Inventory:

Hand Weapons
 p - a +3 dagger of flaming (weapon)
Missiles
 c - a throwing net
 f - 25 poisoned darts (quivered)
 o - 5 curare-tipped darts
Armour
 e - a +0 buckler (worn)
Jewellery
 g - a +4 ring of evasion (left tentacle)
Scrolls
 b - a scroll of torment {unknown}
 j - a scroll of fear {unknown}
 n - a scroll of holy word
Potions
 a - a potion of resistance


   Skills:
 - Level 6.0 Fighting
 - Level 4.4 Dodging
 - Level 6.0 Stealth
 + Level 1.9 Shields
 - Level 3.0 Unarmed Combat
 - Level 2.5 Spellcasting
 - Level 3.2 Transmutations


You had 8 spell levels left.
You knew the following spells:

 Your Spells              Type           Power      Damage    Failure   Level
a - Beastly Appendage     Tmut           26%        N/A       6%          1
c - Spider Form           Tmut/Pois      3%         N/A       34%         3

Your spell library contained the following spells:

 Spells                   Type           Power      Damage    Failure   Level
 Wereblood                Tmut           13%        N/A       10%         2
 Foxfire                  Conj/Fire      8%         2x1d4     24%         1
 Magic Dart               Conj           8%         1d3       24%         1
 Searing Ray              Conj           4%         3d3       34%         2
 Conjure Flame            Conj/Fire      2%         6-21      56%         3
 Dazzling Flash           Conj/Hex       4%         N/A       56%         3
 Inner Flame              Hex/Fire       2%         N/A       56%         3
 Ice Form                 Ice/Tmut       7%         N/A       75%         4
 Hydra Form               Tmut           6%         N/A       86%         5
 Fulminant Prism          Conj/Hex       1%         3d6       93%         4
 Iskenderun's Mystic Bla  Conj/Tloc      2%         2d3       93%         4
 Sticky Flame             Conj/Fire      2%         2d3       93%         4
 Fireball                 Conj/Fire      1%         3d3       100%        5


Dungeon Overview and Level Annotations

Branches:
Dungeon (6/15)             Temple (1/1) D:5

Altars:
Cheibriados
Gozag
Makhleb
Nemelex Xobeh
Sif Muna
Trog
Uskayaw
Vehumet
Yredelemnul
Zin
The Shining One

Shops:
D:1 *

Annotations:
D:3 exclusion: downstairs
D:4 1 runed translucent door, exclusions: door, 3 gnolls and upstairs, Crazy Yiuf


Innate Abilities, Weirdness & Mutations

You cannot wear most types of armour.
You are amphibious.
You can wear up to eight rings at the same time.
Your skin changes colour to match your surroundings (Stealth+).
Your rubbery body absorbs attacks. (AC +1, EV +1)
((You are camouflaged near water. (Stealth+)))
You have tentacles for arms and can constrict up to eight enemies at once.


Message History

The poisoned dart misses the water moccasin.
The iguana hisses angrily.
The iguana completely misses you.
The water moccasin is pulled toward you!
Okay, then.
Okay, then.
Press: ? - help, v - describe, . - travel
Here: a water moccasin (lightly wounded)
The floor.
Press: ? - help, v - describe, . - travel
Here: an iguana An open door.
Casting: Beastly Appendage (safe; 6% risk of failure)
Confirm with . or Enter, or press ? or * to list all spells.
You miscast Spider Form.
You are very lightly contaminated with residual magic.
Nothing appears to happen.
The iguana bites you!
* * * LOW HITPOINT WARNING * * *
The water moccasin barely misses you.
Okay, then.
Okay, then.
You aren't carrying any items that you can evoke.
Unknown command.
Okay, then.
Okay, then.
As you read the scroll labelled LOFFIMM XOEMUNORO, it crumbles to dust.
You speak a Word of immense power!
It was a scroll of holy word.
The bullfrog skeleton is pulled toward you!
As you read the scroll labelled UMPONW TUZUH, it crumbles to dust.
It is a scroll of brand weapon.
Your +3 dagger of draining is engulfed in flames!
p - a +3 dagger of flaming (weapon)
The water moccasin barely misses you. The iguana misses you.
The bullfrog skeleton is pulled toward you!
As you read the scroll labelled KIDIWN VOMIUDOI, it crumbles to dust.
It is a scroll of amnesia.
Forget Wereblood, freeing 2 spell levels for a total of 8?
Your memory of Wereblood unravels.
The water moccasin bites you!
You die...
Your body disappears without a glow.

#.... #.####.#.#.###...
#.... #.#....#.#.# #...
##'#.####.#.#### #...
#....##........#
#.(..##.#.##...##
#....##..........
#.Z..####.####...
#S......#.####.## ##
####@>............# #.
......l....#.....###...
#.########....#.....#
####.............#.#...#####
#.......)[##.....#†(..##...#
.####.....#.###.#######...#
#)##..#.# #.......'...#
#.#..<#.# ########'...#
#.#...#.###...........#


You could see a water moccasin, an iguana and a bullfrog skeleton.

Vanquished Creatures
  2 black bears (D:5)
  A sky beast (D:5)
  An ogre (D:6)
  A centaur (D:5)
  3 scorpions (D:5)
  A howler monkey (D:5)
  2 hounds
  A centaur zombie (D:6)
  A jelly (D:5)
  A bullfrog skeleton (D:4)
  A scorpion zombie (D:3)
  An iguana (D:6)
  2 orc wizards (D:6)
  6 adders
  2 worms
  6 orcs
  9 ball pythons
  5 bats
  6 endoplasms
  4 giant cockroaches
  7 goblins
  4 hobgoblins
  6 jackals
  4 quokkas
  A ball python zombie (D:3)
  A frilled lizard (D:1)
  10 kobolds
  A rat (D:2)
90 creatures vanquished.

Notes
Turn   | Place    | Note
-------+----------+-------------------------------------------
     0 | D:1      | SamYaeger the Octopode Transmuter began the quest for the
                  | Orb.
     0 | D:1      | Reached XP level 1. HP: 13/13 MP: 3/3
    11 | D:1      | Found Neasuif's Assorted Antiques.
   212 | D:1      | Found a faded altar of an unknown god.
   231 | D:1      | Reached skill level 1 in Stealth
   256 | D:1      | Reached XP level 2. HP: 19/19 MP: 3/5
   860 | D:1      | Learned a level 2 spell: Wereblood
   892 | D:2      | Reached XP level 3. HP: 20/25 MP: 4/6
  1849 | D:3      | Reached XP level 4. HP: 31/31 MP: 5/7
  2626 | D:3      | Reached XP level 5. HP: 29/37 MP: 6/8
  2690 | D:3      | Found a basalt altar of Yredelemnul.
  3270 | D:4      | Found a runed translucent door.
  3271 | D:4      | Noticed Crazy Yiuf
  3309 | D:4      | Found a snail-covered altar of Cheibriados.
  3382 | D:5      | Entered Level 5 of the Dungeon
  3430 | D:5      | Noticed a centaur
  3438 | D:5      | Killed a centaur
  3439 | D:5      | Reached XP level 6. HP: 17/43 MP: 6/9
  3811 | D:5      | Noticed a black bear
  3821 | D:5      | Killed a black bear
  3822 | D:5      | Reached XP level 7. HP: 20/49 MP: 8/10
  4042 | D:5      | Reached skill level 5 in Fighting
  4042 | D:5      | Reached skill level 5 in Stealth
  4743 | D:5      | Found a staircase to the Ecumenical Temple.
  4757 | Temple   | Entered the Ecumenical Temple
  5233 | Temple   | Became a worshipper of Nemelex Xobeh the Trickster
  5436 | D:5      | Learned a level 3 spell: Spider Form
  5588 | D:6      | Reached XP level 8. HP: 57/57 MP: 6/11
  5856 | D:6      | Reached skill level 1 in Shields
  5938 | D:6      | HP: 2/57 [iguana (12)]
  5941 | D:6      | Slain by a water moccasin

Illustrated notes

Levels and vault maps discovered:
D:1:      lightli_arrival_statuegarden, layout_rooms, serial_shops,
          shop_fountains, chequers_ecumenical_altar_twisty
D:2:      layout_basic, minmay_pentomino_w2
D:3:      layout_loops_ring, lemuel_zombie_altar_yredelemnul, grunt_ministairs_8
D:4:      layout_rooms, cheibrodos_worm_habitat, uniq_crazy_yiuf_cottage
D:5:      layout_gridville, minmay_temple_entry_offerings
D:6:      minmay_razor_zed, layout_basic, wad_floor_pattern_untrapped
Temple:   jpeg_temple_island

Skill      XL: |  1  2  3  4  5  6  7  8 |
---------------+-------------------------+-----
Stealth        | 1 2 3 4 6 |  6.0
Fighting       | 2 3 4 6 |  6.0
Dodging        | 3 4 |  4.4
Transmutations | 3 |  3.2
Shields        | 1 |  1.9
Unarmed Combat | |  3.0
Spellcasting   | |  2.5

Action                   |  1- 3 |  4- 6 |  7- 9 || total
-------------------------+-------+-------+-------++-------
Melee: Unarmed           |     7 |       |       ||     7
       Dagger            |    45 |    77 |    43 ||   165
       Constrict         |    19 |    14 |     9 ||    42
       Kick              |    16 |    17 |     9 ||    42
       Tentacles         |     6 |    14 |     7 ||    27
       Short sword       |    37 |       |       ||    37
       Punch             |     1 |     3 |     1 ||     5
Throw: Dart              |     6 |     8 |    15 ||    29
 Cast: Beastly Appendage |    25 |    19 |    12 ||    56
       Wereblood         |     2 |     2 |     2 ||     6
       Spider Form       |       |       |     4 ||     4
  Use: Scroll            |       |     3 |     4 ||     7
       Potion            |       |       |     3 ||     3
 Stab: Sleeping          |     6 |     2 |     3 ||    11
Armor: Skin              |     7 |     3 |     2 ||    12
Dodge: Dodged            |    52 |    64 |    32 ||   148
Block: Buckler           |       |       |     4 ||     4

Table legend: (Time is in decaauts)
 A = Elapsed time spent in this place.
 B = Non-inter-level travel time spent in this place.
 C = Inter-level travel time spent in this place.
 D = Time resting spent in this place.
 E = Time spent auto-exploring this place.
 F = Levels seen in this place.
 G = Mean time per level.
                   A        B        C        D        E       F      G
               +--------+--------+--------+--------+--------+-----+--------+
         Total |   5940 |   5772 |    168 |   1021 |   3163 |   7 |  848.6 |
       Dungeon |   5436 |   5309 |    127 |   1021 |   2713 |   6 |  906.0 |
        Temple |    503 |    462 |     41 |      0 |    450 |   1 |  503.0 |
               +--------+--------+--------+--------+--------+-----+--------+

Top non-repeatable levels by time:
     D:5: 1608 daAuts
     D:3: 998 daAuts
     D:1: 935 daAuts
     D:2: 910 daAuts
     D:4: 538 daAuts
  Temple: 503 daAuts
     D:6: 445 daAuts
